 Dungeon Crawl Stone Soup version 0.21-a0-229-g3587535 (webtiles) character file.

137 mopl the Poker (level 5, 23/42 HPs)
             Began as a Gnoll Berserker on Aug 28, 2017.
             Was a Believer of Trog.
             Quit the game on level 3 of the Dungeon on Sept 1, 2017.
             The game lasted 00:03:03 (1923 turns).

mopl the Poker (Gnoll Berserker)                    Turns: 1923, Time: 00:03:04

Health: 23/42      AC:  5    Str:  7    XL:     5   Next: 20%
Magic:  5/5        EV: 10    Int:  7    God:    Trog [**....]
Gold:   117        SH:  0    Dex:  7    Spells: 4/4 levels left

rFire    . . .     SeeInvis .   a - +0 spear
rCold    + . .     Gourm    .   (no shield)
rNeg     . . .     Faith    .   v - +0 ring mail {rC+}
rPois    .         Spirit   .   (no helmet)
rElec    .         Reflect  .   (no cloak)
rCorr    .         Harm     .   (no gloves)
MR       .....                  (no boots)
Stlth    ..........             (no amulet)
HPRegen  0.14/turn              (no ring)
MPRegen  0.09/turn              (no ring)

@: no status effects
A: unchanging attributes, fangs 1, strong nose
a: Berserk, Trog's Hand, Burn Spellbooks, Renounce Religion


You were on level 3 of the Dungeon.
You worshipped Trog.
Trog was pleased with you.
You were very hungry.

You visited 1 branch of the dungeon, and saw 3 of its levels.

You collected 117 gold pieces.

Inventory:

Hand Weapons
 a - a +0 spear (weapon)
Missiles
 e - 106 stones (quivered)
 m - 14 tomahawks
 q - 3 curare-tipped needles
 r - 9 poisoned needles
Armour
 v - a +0 ring mail of cold resistance (worn)
Wands
 s - a wand of digging (20/24)
Scrolls
 b - 2 scrolls of remove curse {unknown}
 f - 2 scrolls of teleportation {unknown}
 h - a scroll of recharging {unknown}
 k - a scroll of blinking {unknown}
 t - a scroll of enchant armour {unknown}
Potions
 d - 3 potions of lignification {unknown}
 g - 2 potions of cancellation {unknown}
 i - a potion of brilliance {unknown}
 l - a potion of magic {unknown}
 o - 2 potions of heal wounds {unknown}
 p - 2 potions of curing {unknown}
 u - 2 potions of might {unknown}
Comestibles
 c - 3 bread rations
 j - 4 chunks of flesh
 n - a royal jelly


   Skills:
 - Level 4.0 Fighting
 + Level 7.5 Polearms
 - Level 2.6 Armour
 - Level 2.6 Dodging


You had 4 spell levels left.
You didn't know any spells.

Dungeon Overview and Level Annotations

Branches:
Dungeon (3/15)

Altars:
Ashenzari
Elyvilon


Innate Abilities, Weirdness & Mutations

Your physical attributes are unchanging.
You have very sharp teeth.
Your uncanny sense of smell can sniff out nearby items.


Message History

You resist with some effort.
You hit Jessica.
Jessica is almost dead.
Jessica hits you but does no damage.
You hit Jessica.
You kill Jessica!
Trog accepts your kill.
Trog appreciates your killing of a magic user.
You have reached level 5!
Things that are here:
a robe; the human corpse of Jessica You butcher the human corpse of Jessica.
j - 4 chunks of flesh
Things that are here:
a robe; the human skeleton of Jessica Saving game... please wait.
Welcome back, mopl the Gnoll Berserker.
Trog says: Kill them all!
Press ? for a list of commands and other information.
Are you sure you want to abandon this character and quit the game? (Confirm with "yes".)

#.## #......# #..#
#......# ##.# #.##.###
#.# #.#.#.#
###♣.♣#♣#♣#♣.#
#............######
#.#♣.♣.♣.♣.♣......#
##..........#.##.#.#
[...♣.♣.♣.♣ ♣.##@#.####.#
#####.......#.##........#
# ♣.♣.♣.♣.♣.####.###### #
#.........# #.# # ♣.♣
#♣#♣.. ..# #####.#
##.###### ......# #...#
.#....# #...# ∆ .###..#
#..<#


There were no monsters in sight!

Vanquished Creatures
  Terence (D:3)
  Jessica (D:3)
  Natasha (D:2)
  3 adders
  2 dart slugs
  7 bats
  2 giant cockroaches
  4 goblins
  A hobgoblin (D:1)
  A quokka (D:2)
  5 frilled lizards
  3 kobolds
  4 rats
35 creatures vanquished.

Notes
Turn   | Place    | Note
-------+----------+-------------------------------------------
     0 | D:1      | mopl the Gnoll Berserker began the quest for the Orb.
     0 | D:1      | Reached XP level 1. HP: 19/19 MP: 1/1
    88 | D:1      | Reached XP level 2. HP: 23/25 MP: 2/2
   216 | D:1      | Reached skill level 5 in Polearms
   601 | D:2      | Reached XP level 3. HP: 25/30 MP: 3/3
  1108 | D:2      | Found a white marble altar of Elyvilon.
  1279 | D:2      | Noticed Natasha
  1296 | D:2      | Killed Natasha
  1296 | D:2      | Reached skill level 6 in Polearms
  1296 | D:2      | Reached XP level 4. HP: 14/37 MP: 4/4
  1366 | D:2      | Reached ** piety under Trog
  1633 | D:3      | Found a shattered altar of Ashenzari.
  1778 | D:3      | Noticed Terence
  1816 | D:3      | Killed Terence
  1816 | D:3      | Reached skill level 7 in Polearms
  1910 | D:3      | Noticed Jessica
  1919 | D:3      | Killed Jessica
  1919 | D:3      | Reached XP level 5. HP: 23/42 MP: 5/5
  1923 | D:3      | Upgraded the game from 0.21-a0-225-g207ae17 to 0.21-a0-229-g3587535
  1923 | D:3      | Quit the game

Vault maps used:
D:1:      lemuel_arrival_funnel, minmay_crystal_room
D:2:      marbit_many_paths, first_bread, uniq_natasha
D:3:      ashenzari_conservatory_becter,
          chequers_temple_overflow_statue_of_worship, overflow_temple_1_default,
          serial_forest, infiniplex_forest_lined_room_3,
          infiniplex_forest_straight_2, infiniplex_forest_lined_corner,
          infiniplex_forest_end_1, infiniplex_forest_clump_small,
          infiniplex_forest_side_room, uniq_jessica, uniq_terence, uniq_robin

Skill      XL: |  1  2  3  4 |
---------------+-------------+-----
Polearms       | 5 6 7 |  7.5
Fighting       | |  4.0
Armour         | |  2.6
Dodging        | |  2.6

Action                   |  1- 3 |  4- 6 || total
-------------------------+-------+-------++-------
Melee: Spear             |   126 |    95 ||   221
       Bite              |     2 |     1 ||     3
Invok: Berserk           |     1 |       ||     1
  Eat: Chunk             |     1 |     2 ||     3
Armor: Animal skin       |    13 |       ||    13
       Ring mail         |    11 |    23 ||    34
Dodge: Dodged            |    43 |    31 ||    74

Table legend:
 A = Spawn XP
 B = Non-spawn XP
 C = Spawn XP percentage of total XP
 D = Spawn monster count
 E = Non-spawn monster count
 F = Spawn count percentage of total count
 G = Total turns spent on level
                    A         B        C        D         E        F      G
               +---------+---------+-------+---------+---------+-------+---------
         Total |      11 |     185 |   5.6 |       6 |      29 |  17.1 |  1923
               +---------+---------+-------+---------+---------+-------+---------
           D:1 |       3 |      24 |  11.1 |       2 |      14 |  12.5 |   557
           D:2 |       8 |      71 |  10.1 |       4 |      10 |  28.6 |  1066
           D:3 |       0 |      90 |   0.0 |       0 |       5 |   0.0 |   300
               +---------+---------+-------+---------+---------+-------+---------
